 Dungeon Crawl Stone Soup version 0.25-a0-647-gd602d06 (webtiles) character file.

Game seed: 6878387893156677792, levelgen mode: deterministic

4428 Faca the Fighter (level 10, -8/86 HPs)
             Began as a Human Fighter on Mar 21, 2020.
             Was an Elder of Okawaru.
             Mangled by an orc warrior
             ... wielding a +0 scimitar
              (17 damage)
             ... on level 9 of the Dungeon.
             The game lasted 00:19:49 (10042 turns).

Faca the Fighter (Human Fighter)                   Turns: 10042, Time: 00:19:49

Health: -8/86      AC: 16    Str: 20    XL:     10   Next: 62%
Magic:  10/10      EV:  5    Int:  9    God:    Okawaru [****..]
Gold:   369        SH: 10    Dex: 15    Spells: 9/9 levels left

rFire    . . .     SeeInvis .   t - +3 short sword of Past Mistakes {vorpal, rC+} (curse)
rCold    + . .     Gourm    .   c - +1 kite shield
rNeg     . . .     Faith    .   n - +0 chain mail
rPois    .         Spirit   .   u - +2 helmet
rElec    .         Reflect  .   r - +1 cloak
rCorr    .         Harm     .   (no gloves)
MR       .....                  (no boots)
Stlth    ..........             (no amulet)
HPRegen  0.24/turn              m - +3 ring of dexterity
MPRegen  0.12/turn              p - +2 ring of protection

@: slowed, very slow
A: no striking features
a: Heroism, Renounce Religion


You were on level 9 of the Dungeon.
You worshipped Okawaru.
Okawaru was greatly pleased with you.
You were near starving.

You visited 1 branch of the dungeon, and saw 9 of its levels.

You collected 369 gold pieces.

Inventory:

Hand Weapons
 a - a +0 long sword
 t - the cursed +3 short sword of Past Mistakes (weapon) {vorpal, rC+}
   (You found it on level 6 of the Dungeon)

   It inflicts extra damage upon your enemies.
   It protects you from cold.
   It has a curse placed upon it.
Missiles
 g - 35 poisoned darts (quivered)
 h - 12 boomerangs
Armour
 c - a +1 kite shield (worn)
 n - a +0 chain mail (worn)
 r - a +1 cloak (worn)
 u - a +2 helmet (worn)
 y - a +2 tower shield
Jewellery
 m - a +3 ring of dexterity (left hand)
 p - a +2 ring of protection (right hand)
 q - an uncursed ring of fire
Wands
 b - a wand of enslavement (9)
 e - a wand of digging (6)
 v - a wand of iceblast (15)
 z - a wand of acid (6)
Scrolls
 o - a scroll of remove curse
 s - 2 scrolls of enchant weapon
 w - 2 scrolls of enchant armour
 x - a scroll of teleportation
 A - a scroll of fear {unknown}
Potions
 d - 2 potions of might
 i - a potion of haste
 j - a potion of resistance
 k - a potion of heal wounds {unknown}
 l - 4 potions of curing
 B - a potion of berserk rage {unknown}
 C - a potion of mutation {unknown}
Comestibles
 f - 17 rations


   Skills:
 + Level 10.8 Fighting
 + Level 10.6 Long Blades
 - Level 3.0 Armour
 - Level 3.0 Shields


You had 9 spell levels left.
You didn't know any spells.
Your spell library was empty.

Dungeon Overview and Level Annotations

Branches:
Dungeon (9/15)             Temple (0/1) D:7            Lair (0/6) D:9
    Orc: D:9-12

Altars:
Makhleb
Okawaru
Ru
Wu Jian
Zin

Shops:
D:4 ?   D:5 ?   D:7 }


Message History

* * * LOW HITPOINT WARNING * * *
The orc priest calls upon Beogh to heal the orc warrior.
The orc warrior's wounds heal themselves!
You block the orc warrior's attack.
You barely miss the orc priest.
The orc priest is almost dead.
The orc wizard points at you and mumbles some strange words.
The magic dart hits you but does no damage.
You block the orc wizard's attack.
The orc priest hits you but does no damage.
The orc warrior hits you with a +0 scimitar!
* * * LOW HITPOINT WARNING * * *
You closely miss the orc priest.
The orc priest is almost dead.
The orc wizard casts a spell at you.
The magic dart hits you but does no damage.
You block the orc priest's attack.
The orc wizard hits you but does no damage.
The orc warrior hits you with a +0 scimitar!
You die...

#.# #.........
#.......##.# #.#####.##
#.......##.# #.........
##.......##.#########.##
.........##...........##
.........##.###########.
.........##.# #.
......oo..#.# #.
......o@..#.# #.
..........#.# ##
..#######(#.# # #.))# #
##..# #..# #.># ####


You could see an orc warrior, an orc priest and an orc wizard.

Vanquished Creatures
  Pikel (D:9)
  An ugly thing (D:9)
  A hornet (D:8)
  2 hippogriffs
  Grum (D:9)
  A yak (D:9)
  A porcupine (D:9)
  A sky beast (D:8)
  An orc warrior (D:9)
  A black bear (D:9)
  2 ogres
  3 phantoms
  2 wolves (D:9)
  3 centaurs
  2 big kobolds
  3 bullfrogs
  A gnoll sergeant (D:6)
  A water moccasin zombie (D:6)
  A scorpion (D:4)
  2 howler monkeys
  4 jellies
  2 centaur skeletons
  6 hounds
  2 orc wizards
  3 bullfrog skeletons
  An orc priest (D:3)
  4 iguanas
  Ijyb (D:4)
  2 worker ants
  2 hound skeletons
  6 gnolls
  7 adders
  2 shadow imps
  6 oozes
  An adder skeleton (D:9)
  2 dart slugs
  3 leopard geckos
  22 orcs
  2 ball pythons
  10 bats
  3 giant cockroaches
  5 goblins
  3 hobgoblins
  13 jackals
  2 quokkas
  6 frilled lizards
  A jackal skeleton (D:6)
  10 kobolds
  3 quokka skeletons
  5 rats
170 creatures vanquished.

Vanquished Creatures (others)
  2 slaves (D:9)
  A scorpion (D:9)
  A worker ant (D:9)
  4 fungi (D:9)
8 creatures vanquished.

Grand Total: 178 creatures vanquished

Notes
Turn   | Place    | Note
-------+----------+-------------------------------------------
     0 | D:1      | Faca the Human Fighter began the quest for the Orb.
     0 | D:1      | Reached XP level 1. HP: 18/18 MP: 1/1
    29 | D:1      | Reached XP level 2. HP: 13/24 MP: 2/2
   374 | D:1      | Reached XP level 3. HP: 29/29 MP: 3/3
  1281 | D:3      | Reached XP level 4. HP: 30/37 MP: 4/4
  1486 | D:3      | HP: 1/37 [orc priest/divine providence (13)]
  1828 | D:3      | Reached XP level 5. HP: 14/43 MP: 5/5
  2338 | D:3      | Found an iron altar of Okawaru.
  2361 | D:3      | Became a worshipper of Warmaster Okawaru
  2730 | D:3      | Noticed a centaur
  2738 | D:3      | Killed a centaur
  2738 | D:3      | Reached skill level 5 in Fighting
  2738 | D:3      | Reached XP level 6. HP: 30/51 MP: 6/6
  3165 | D:4      | Found Cudwilof's Magic Scroll Emporium.
  3231 | D:4      | Found a sacrificial altar of Ru.
  3258 | D:4      | Noticed Ijyb
  3264 | D:4      | Killed Ijyb
  3341 | D:4      | Reached skill level 5 in Long Blades
  3678 | D:4      | Reached XP level 7. HP: 56/56 MP: 7/7
  4046 | D:4      | Reached * piety under Okawaru
  4312 | D:5      | Entered Level 5 of the Dungeon
  4643 | D:5      | Found an ornate altar of the Wu Jian Council.
  4904 | D:5      | Found Lasualus's Magic Scroll Boutique.
  4975 | D:5      | Reached XP level 8. HP: 42/65 MP: 8/8
  5730 | D:6      | Got an iridescent short sword
  5731 | D:6      | Identified the cursed +3 short sword of Past Mistakes
                  | {vorpal, rC+} (You found it on level 6 of the Dungeon)
  5891 | D:6      | Found a burning altar of Makhleb.
  5910 | D:6      | Found a glowing silver altar of Zin.
  5910 | D:6      | Noticed an angel
  5911 | D:6      | Noticed a balrug
  6184 | D:6      | Reached ** piety under Okawaru
  6472 | D:7      | Found a staircase to the Ecumenical Temple.
  6492 | D:7      | Reached XP level 9. HP: 71/74 MP: 9/9
  6615 | D:7      | Found Emnonourph's Gadget Shoppe.
  6765 | D:7      | Noticed a hippogriff
  6781 | D:7      | Killed a hippogriff
  7381 | D:8      | Reached *** piety under Okawaru
  7568 | D:8      | Noticed a hippogriff
  7583 | D:8      | Killed a hippogriff
  7760 | D:8      | Noticed a hornet
  7790 | D:8      | Paralysed by a hornet for 3 turns
  7803 | D:8      | Killed a hornet
  8669 | D:9      | Noticed Grum
  8705 | D:9      | Killed Grum
  8705 | D:9      | Reached XP level 10. HP: 41/85 MP: 10/10
  9007 | D:9      | Reached skill level 10 in Fighting
  9117 | D:9      | Noticed Pikel
  9158 | D:9      | Reached skill level 10 in Long Blades
  9177 | D:9      | Killed Pikel
  9177 | D:9      | Reached **** piety under Okawaru
  9360 | D:9      | Found a staircase to the Lair.
  9716 | D:9      | Noticed a white ugly thing
  9738 | D:9      | Killed a white ugly thing
 10042 | D:9      | Mangled by an orc warrior

Levels and vault maps discovered:
D:1:      dpeg_arrival_radiant, layout_rooms, serial_bayou_pond_b
D:2:      kennysheep_big_flooded_room, layout_basic, old_standard_altar,
          minmay_hexomino_r4
D:3:      layout_basic, old_standard_altar, first_ration, minmay_hedge_maze
D:4:      layout_basic, serial_shops, shop, kennysheep_flooded_box, uniq_ijyb
D:5:      layout_basic, kennysheep_mini_moat, serial_shops,
          kennysheep_little_box, kennysheep_decorative_pillar
D:6:      layout_cave_pods, grunt_temple_overflow_order_and_chaos_2,
          minmay_misc_feat_columns
D:7:      layout_rooms, minmay_temple_entry_wispy, serial_shops, shop
D:8:      layout_loops_ring, hangedman_little_slice_of_home
D:9:      layout_basic, nicolae_ru_path_of_blood, minitemple,
          grunt_lair_entry_orc_guard_hut, uniq_pikel, uniq_grum

Skill      XL: |  1  2  3  4  5  6  7  8  9 10 |
---------------+-------------------------------+-----
Long Blades    | 3 4 5 6 7 9 10 | 10.6
Fighting       | 4 5 6 7 9 10 | 10.8
Armour         | |  3.0
Shields        | |  3.0

Action                   |  1- 3 |  4- 6 |  7- 9 | 10-12 || total
-------------------------+-------+-------+-------+-------++-------
Melee: Long sword        |   128 |   158 |   173 |       ||   459
       Short sword       |       |       |   311 |   149 ||   460
Throw: Dart              |       |       |     5 |     1 ||     6
Invok: Heroism           |       |       |     3 |     2 ||     5
  Use: Scroll            |     5 |     5 |     5 |       ||    15
       Potion            |       |     2 |       |       ||     2
  Eat: Chunk             |     1 |     8 |    14 |     2 ||    25
       Ration            |       |       |     1 |       ||     1
Armor: Scale mail        |    53 |       |       |       ||    53
       Chain mail        |    36 |    80 |   266 |    67 ||   449
Dodge: Dodged            |    43 |    32 |    83 |    23 ||   181
Block: Kite shield       |    71 |    77 |   282 |    70 ||   500
       Rpst.: Long sword |    18 |     6 |     7 |       ||    31

Table legend:
 A = Non-vault XP
 B = Vault XP
 C = Vault XP percentage of total XP
 D = Non-vault monster count
 E = Vault monster count
 F = Vault count percentage of total count
                 A         B        C        D         E       F
            +---------+---------+-------+---------+---------+-------
      Total |    4385 |    1941 |  30.7 |     147 |      23 |  13.5
            +---------+---------+-------+---------+---------+-------
        D:1 |      33 |       4 |  10.8 |      20 |       3 |  13.0
        D:2 |       9 |       3 |  25.0 |       5 |       2 |  28.6
        D:3 |     267 |       0 |   0.0 |      26 |       0 |   0.0
        D:4 |     301 |      35 |  10.4 |      17 |       1 |   5.6
        D:5 |     403 |       0 |   0.0 |      13 |       0 |   0.0
        D:6 |     772 |       0 |   0.0 |      26 |       0 |   0.0
        D:7 |     638 |       0 |   0.0 |      20 |       0 |   0.0
        D:8 |    1132 |     168 |  12.9 |      10 |       8 |  44.4
        D:9 |     830 |    1731 |  67.6 |      10 |       9 |  47.4
            +---------+---------+-------+---------+---------+-------
